[Event "Late-Titled-Tuesday-Blitz-February-13-2024"]
[Site "Chess.com"]
[Date "2024.02.13"]
[Round "7"]
[White "vi_pranav"]
[Black "dretch"]
[Result "0-1"]
[WhiteElo "3032"]
[BlackElo "2896"]
[TimeControl "180+1"]
[EndTime "15:17:55 PST"]
[Termination "dretch won by resignation"]

1. e4 e6 2. d4 d5 3. Nc3 Nf6 4. e5 Nfd7 5. f4 c5 6. Nf3 Nc6 7. Be3 cxd4 8. Nxd4 Bc5 9. Qd2 O-O 10. O-O-O a6 11.
h4 Nxd4 12. Bxd4 b5 13. h5 b4 14. Ne2 a5 15. Qe3 Qb6 16. g4 Ba6 17. g5 Rac8 18.
g6 a4 19. Kb1 b3 20. cxb3 axb3 21. axb3 fxg6 22. hxg6 hxg6 23. Rg1 Bxe2 24. Bxe2 Bxd4 25. Rxd4 Nc5 26. Bg4 Rc6 27. Rc1 Ra8 28. Rc3 Qa6 29. Kc2 Nxb3 30. Kxb3 Rb6+ 31. Kc2 Rxb2+ 32. Kd1 Qf1+ 33.
Qe1 Ra1+ 34. Rc1 Qxe1+ 35. Kxe1 Rxc1+ 36. Rd1 Rxd1+ 37. Kxd1 Kf7 0-1

[Event "Late-Titled-Tuesday-Blitz-February-13-2024"]
[Site "Chess.com"]
[Date "2024.02.13"]
[Round "7"]
[White "Quattroporte300"]
[Black "Payyappat"]
[Result "0-1"]
[WhiteElo "2420"]
[BlackElo "2570"]
[TimeControl "180+1"]
[EndTime "15:17:55 PST"]
[Termination "Payyappat won by resignation"]

1. e4 c6 2. d4 d5 3. Nc3 dxe4 4. Nxe4 Nf6 5. Nxf6+ exf6 6. c3 Bd6 7. Bd3 O-O 8. Qc2 Re8+ 9. Ne2 h5 10. Be3 Nd7 11.
O-O-O Nf8 12. c4 Be6 13. Kb1 Rc8 14. Nc3 Bb4 15. Ne4 Be7 16. Nc3 Bb4 17. Ne4 b5 18.
Nc5 Bxc5 19. dxc5 Qa5 20. Bd2 b4 21. a3 Qxc5 22. Bxb4 Qg5 23. g3 Bg4 24. Rde1 Bf3 25. h4 Qg4 26. Bf5 Qd4 27. Bxc8 Rxc8 28. Rhg1 c5 29. Bc3 Qxc4 30. Re3 Bd5 31. b3 Rb8 32. Bb2 Qb5 33. Rc1 Bxb3 34. Qxc5 Ba2+ 35. Kc2 Qxb2+ 36.
Kd1 Be6 37. Qc3 Qxc3 38. Rexc3 Ng6 39. f4 Rb2 40. R1c2 Bb3 41. Rxb3 Rxb3 42. Rc8+ Kh7 43. a4 Rxg3 44. Rc7 Nxh4 45. Rxa7 Nf5 46. a5 h4 47. a6 h3 48. Ra8 h2 0-1

[Event "Late-Titled-Tuesday-Blitz-February-13-2024"]
[Site "Chess.com"]
[Date "2024.02.13"]
[Round "7"]
[White "ChadBiryani"]
[Black "amiqu"]
[Result "1-0"]
[WhiteElo "2455"]
[BlackElo "2156"]
[TimeControl "180+1"]
[EndTime "15:17:58 PST"]
[Termination "ChadBiryani won on time"]

1. b4 e5 2. Bb2 d6 3. e3 g6 4. Nf3 Bg7 5. Be2 Ne7 6. O-O O-O 7. d3 h6 8. Nfd2 Be6 9. c4 a5 10. a3 Nd7 11. Nc3 f5 12. Bf3 Ra7 13. g3 axb4 14. axb4 Rxa1 15. Qxa1 b6 16. Bg2 Kh7 17. Qa7 Nc8 18. Qb7 f4 19. Nb5 c5 20. exf4 cxb4 21.
Ne4 Nc5 22. Nxc5 dxc5 23. Bxe5 Rf7 24. Qc6 Bf5 25. Bd5 Re7 26. Re1 Bh3 27. Be4 Bf5 28.
Bd5 Bh3 29. f3 Bf5 30. Re3 h5 31. Kf2 Kh6 32. d4 cxd4 33. Nxd4 Na7 34. Qa4 1-0

[Event "Late-Titled-Tuesday-Blitz-February-13-2024"]
[Site "Chess.com"]
[Date "2024.02.13"]
[Round "7"]
[White "SHIVACalypso"]
[Black "Shankland"]
[Result "0-1"]
[WhiteElo "2520"]
[BlackElo "2949"]
[TimeControl "180+1"]
[EndTime "15:17:59 PST"]
[Termination "Shankland won by resignation"]

1. Nf3 d5 2. c4 c6 3. g3 Nf6 4. Bg2 dxc4 5. O-O Nbd7 6. a4 Nc5 7. Na3 Be6 8. Qc2 Nb3 9. Rb1 Qd5 10. Rd1 Bf5 11. d3 cxd3 12. exd3 Bg4 13. Be3 e6 14.
Nc4 Bxf3 15. Bxf3 Qxf3 16. Qxb3 b6 17. Rbc1 Qd5 18. Qc2 Be7 19. d4 O-O 20. Ne5 Rfc8 21. Nxc6 Bd6 22. b4 a6 23. Qc4 b5 24. axb5 axb5 25. Qxd5 Nxd5 26. Ne5 Nc3 27. Rd2 Bxb4 28. Rdc2 Ba5 29. Kf1 b4 30. Bd2 b3 31. Rb2 Na4 32.
Rxc8+ Rxc8 33. Rxb3 Bxd2 34. Nf3 Bc3 35. Ke2 Ba5 36. Rb7 Nc3+ 37. Kd3 Nd5 38. Ne5 Bc7 39. Nc6 Kf8 40. f4 Bxf4 41. Ne7 Nxe7 42. gxf4 Nd5 0-1

[Event "Late-Titled-Tuesday-Blitz-February-13-2024"]
[Site "Chess.com"]
[Date "2024.02.13"]
[Round "7"]
[White "tarno17"]
[Black "GoValya"]
[Result "0-1"]
[WhiteElo "2116"]
[BlackElo "2241"]
[TimeControl "180+1"]
[EndTime "15:18:00 PST"]
[Termination "GoValya won on time"]

1. e4 e6 2. d4 d5 3. Nd2 c5 4.
exd5 exd5 5. Bb5+ Nc6 6. Ngf3 Nf6 7. O-O Be7 8. c3 O-O 9. Ba4 Bg4 10. dxc5 Bxc5 11.
h3 Bh5 12. Bc2 Bb6 13. a4 Re8 14. b4 Ne4 15. Nxe4 dxe4 16. Qxd8 Raxd8 17. Nh4 e3 18. fxe3 Bxe3+ 19. Kh1 Be2 20. Bxe3 Bxf1 21. Bg5 f6 22. Rxf1 fxg5 23. Nf3 h6 24. h4 g4 25. Nh2 Re2 26.
Bf5 h5 27. Bg6 Re5 28. Bf7+ Kh7 29. b5 Ne7 30. Bc4 Rc5 31. Ba2 Rxc3 32. Bb1+ Kh6 33.
Re1 Ng8 34. Re6+ Nf6 35. Nf1 Rc1 36. Bf5 Rxf1+ 37. Kh2 Rxf5 38. Re7 Rd3 39. Rxb7 g3+ 40. Kh3 Rf1 0-1

[Event "Late-Titled-Tuesday-Blitz-February-13-2024"]
[Site "Chess.com"]
[Date "2024.02.13"]
[Round "7"]
[White "ACollins05"]
[Black "riconaipe"]
[Result "0-1"]
[WhiteElo "2451"]
[BlackElo "2595"]
[TimeControl "180+1"]
[EndTime "15:18:02 PST"]
[Termination "riconaipe won by resignation"]

1. d4 g6 2. c4 Bg7 3. Nc3 d6 4. e4 Nd7 5. Nf3 e5 6. Be2 Ne7 7. O-O O-O 8. Bg5 h6 9. Bh4 g5 10. Bg3 Ng6 11. dxe5 Ndxe5 12. Nxe5 dxe5 13. Qxd8 Rxd8 14. Nd5 c6 15. Ne3 Nf4 16. Bg4 Bxg4 17. Nxg4 h5 18. Ne3 Ne2+ 19. Kh1 h4 20. Rae1 Rd2 21. Nf5 hxg3 22. fxg3 f6 23. h4 gxh4 24. gxh4 Nd4 25.
Nd6 Nc2 26. Rc1 Rxd6 27. Rxc2 Rad8 28. Kh2 Rd2 29. Rf2 Rxf2 30. Rxf2 Rd4 31. Re2 Rxc4 32. Kh3 Rd4 33. Kg4 Kf7 34. Kf5 c5 35. g4 b5 36.
g5 fxg5 37. hxg5 c4 38. g6+ Ke7 39. Rh2 Rd6 40. Rh7 Kf8 41. Rh1 a5 42. Rh2 Rf6+ 43.
Kg5 b4 44. Rd2 Ke7 45. Rd5 Rc6 46. Rxa5 Rc7 47. Rd5 c3 48. bxc3 bxc3 49. Rd1 c2 50. Rc1 Ke6 51. a4 Bf8 52. a5 Ba3 53. Rxc2 Rxc2 54.
g7 Rg2+ 55. Kh6 Kf7 56. a6 Rg6+ 57. Kh5 Rxa6 0-1

[Event "Late-Titled-Tuesday-Blitz-February-13-2024"]
[Site "Chess.com"]
[Date "2024.02.13"]
[Round "7"]
[White "Kirill_Klukin"]
[Black "Hikaru"]
[Result "0-1"]
[WhiteElo "2827"]
[BlackElo "3314"]
[TimeControl "180+1"]
[EndTime "15:18:03 PST"]
[Termination "Hikaru won by resignation"]

1. d4 g6 2. Nf3 Bg7 3. c4 d6 4. Nc3 Nc6 5. Bf4 Nf6 6. e3 Nh5 7. Bg5 h6 8. Bh4 g5 9. Nd2 Nf4 10. Bg3 Ng6 11. Bd3 e5 12. dxe5 Ncxe5 13. Be2 O-O 14. h3 f5 15. O-O f4 16. exf4 Nxf4 17. Bxf4 Rxf4 18. Nd5 Rf8 19. Ne3 c6 20. Qc2 Be6 21.
Rad1 Bf7 22. b3 Bg6 23. Qc1 Rf4 24. Nf3 Nxf3+ 25. Bxf3 Rxf3 26. gxf3 Qf6 27. Ng4 Qf8 28. Qe3 Re8 29. Qd2 Qxf3 30. Qxd6 Be4 31. Qh2 h5 32. Ne3 Be5 33. Qg2 Qf4 34. Qg3 Qf6 35. f4 Bxf4 36. Rxf4 Qxf4 37. Qxf4 gxf4 38. Ng2 Bf5 39.
Nxf4 h4 40. Kf2 Kf7 41. Rd6 Rh8 42. Kf3 Ke7 43. Rd2 Kf6 44. Rd6+ Ke5 45. c5 Rg8 46. Ne2 Bxh3 47. Rh6 Bg4+ 48. Kf2 Rf8+ 49. Ke3 Rf3+ 50. Kd2 Rf2 51. Rxh4 Rxe2+ 52. Kd3 Rg2 53. Rh7 Bf5+ 0-1

[Event "Late-Titled-Tuesday-Blitz-February-13-2024"]
[Site "Chess.com"]
[Date "2024.02.13"]
[Round "7"]
[White "Zq1"]
[Black "Zavgorodniy_Sergiy"]
[Result "1-0"]
[WhiteElo "2512"]
[BlackElo "2633"]
[TimeControl "180+1"]
[EndTime "15:18:04 PST"]
[Termination "Zq1 won by resignation"]

1. d4 d5 2. c4 dxc4 3. e3 Nf6 4.
Bxc4 e6 5. Nf3 a6 6. O-O b5 7. Bd3 Bb7 8. a4 b4 9. Qe2 Nbd7 10.
Nbd2 c5 11. Nb3 cxd4 12. exd4 Bd5 13. Bc4 Be7 14. Ne5 O-O 15. Bxd5 Nxd5 16. Nc6 Qb6 17. Nxe7+ Nxe7 18. a5 Qb7 19. Bf4 Nd5 20. Bd6 Rfc8 21. Nc5 Nxc5 22. dxc5 Rc6 23. f4 g6 24. Qe4 Rac8 25. Rad1 Qb5 26. f5 gxf5 27. Qh4 Rxd6 28. cxd6 Qc5+ 29. Kh1 Qxd6 30. Qg5+ Kf8 31. Rc1 Rc5 32.
Rxc5 Qxc5 33. Rc1 Nc3 34. bxc3 b3 35. Qd8+ Kg7 36. Qb6 Qa3 37. Rb1 e5 38. Qxb3 Qxa5 39. h3 e4 40. Qb4 Qc7 41. Qd4+ f6 42. Rb6 Qf7 43. Rxa6 Kg6 44. Rd6 h5 45. c4 h4 46. c5 Kg5 47. c6 Qe7 48. Qxf6+ Qxf6 49. Rxf6 1-0

[Event "Late-Titled-Tuesday-Blitz-February-13-2024"]
[Site "Chess.com"]
[Date "2024.02.13"]
[Round "7"]
[White "OneTrickPony_82"]
[Black "VladimirBugayev"]
[Result "1-0"]
[WhiteElo "2569"]
[BlackElo "2397"]
[TimeControl "180+1"]
[EndTime "15:18:04 PST"]
[Termination "OneTrickPony_82 won by resignation"]

1. d4 Nf6 2. c4 c5 3. d5 b5 4. cxb5 a6 5. bxa6 Bxa6 6. Nc3 g6 7. e4 Bxf1 8. Kxf1 d6 9. g3 Bg7 10. Kg2 O-O 11. Nf3 Qb6 12. a4 Na6 13. Re1 Nc7 14. Qc2 Rfb8 15. Rb1 Qb3 16. Qxb3 Rxb3 17. Nd2 Rb4 18.
b3 Nd7 19. Re3 Bd4 20. Rd3 Ne5 21. Rxd4 cxd4 22. Na2 Rb7 23. Bb2 d3 24. Bxe5 dxe5 25. Nc1 Na6 26. Nxd3 Nb4 27. Nxe5 Rc8 28. Nec4 Rc5 29.
Kf1 Nc2 30. Ke2 e6 31. Kd3 exd5 32. Kxc2 dxc4 33. b4 Rh5 34. h4 f5 35. e5 f4 36.
Nxc4 fxg3 37. fxg3 Rf5 38. b5 Rf2+ 39. Kc3 Rf3+ 40. Kb4 Rxg3 41. a5 Rg4 42. a6 Rc7 43.
Rc1 Rxh4 44. b6 Rc6 45. b7 Rb6+ 46. Ka5 Rb3 47. a7 Rxc4 48. b8=Q+ Kg7 49. Rxc4 1-0

[Event "Late-Titled-Tuesday-Blitz-February-13-2024"]
[Site "Chess.com"]
[Date "2024.02.13"]
[Round "7"]
[White "Atousa"]
[Black "AndresDelgado77"]
[Result "1-0"]
[WhiteElo "2538"]
[BlackElo "2342"]
[TimeControl "180+1"]
[EndTime "15:18:05 PST"]
[Termination "Atousa won on time"]

1. Nf3 c5 2. g3 Nc6 3. Bg2 g6 4. O-O Bg7 5. e4 e6 6. c3 Nge7 7. d4 cxd4 8. cxd4 Qb6 9. d5 Bxb2 10. Bxb2 Qxb2 11. dxc6 Qxa1 12. cxb7 Bxb7 13. Qb3 Ba6 14. Re1 Qg7 15. Qa3 Bb7 16. Nc3 Bc6 17. e5 Nf5 18. Ne4 Bxe4 19. Rxe4 Qf8 20. Qd3 Qe7 21. g4 Nh6 22. Qd2 g5 23. Nxg5 Rb8 24. h3 O-O 25.
Rd4 Rb1+ 26. Kh2 d5 27. exd6 Qf6 28. Nxh7 Kxh7 29. Be4+ Kh8 30. Bxb1 Rd8 31. g5 Qe5+ 32. f4 Qb5 33. Bd3 Qc5 34. Be4 Nf5 35. Bxf5 exf5 36.
d7 Qc7 37. Rd5 Kg8 38. h4 Kf8 39. h5 Kg8 40. h6 Kh7 41. Qd4 1-0

[Event "Late-Titled-Tuesday-Blitz-February-13-2024"]
[Site "Chess.com"]
[Date "2024.02.13"]
[Round "7"]
[White "Bilan_Danila"]
[Black "elgrona"]
[Result "1-0"]
[WhiteElo "2537"]
[BlackElo "2340"]
[TimeControl "180+1"]
[EndTime "15:18:05 PST"]
[Termination "Bilan_Danila won by resignation"]

1. d4 d5 2. Nf3 Nf6 3. c4 c6 4.
Nc3 dxc4 5. a4 Bf5 6. e3 e6 7. Bxc4 Bb4 8. O-O Nbd7 9. Qe2 Bg6 10. Bd2 O-O 11. h3 Qe7 12. Nh4 e5 13. Nxg6 hxg6 14. dxe5 Nxe5 15. Bb3 Rad8 16. Rfd1 Nfd7 17. Ne4 Bxd2 18.
Rxd2 Nc5 19. Nxc5 Qxc5 20. Rad1 Rxd2 21. Qxd2 g5 22. Qd6 Qb6 23. Qxe5 Qxb3 24. Rd7 Qxa4 25. Rxb7 g4 26. hxg4 Qxg4 27. Rxa7 Rd8 28. Ra1 Rd2 29. Qe8+ Kh7 30. Qxc6 Rxb2 31. Qd6 Qe2 32. Qh2+ Kg6 33. Qg3+ Kf6 34. Rc1 Rc2 35. Qf4+ Ke7 36. Qe4+ 1-0

[Event "Late-Titled-Tuesday-Blitz-February-13-2024"]
[Site "Chess.com"]
[Date "2024.02.13"]
[Round "7"]
[White "GMKrikor"]
[Black "manitodeplomo"]
[Result "0-1"]
[WhiteElo "2827"]
[BlackElo "2652"]
[TimeControl "180+1"]
[EndTime "15:18:06 PST"]
[Termination "manitodeplomo won by checkmate"]

1. Nf3 g6 2. c4 Bg7 3. e4 d6 4. d4 Nf6 5. Nc3 O-O 6. h3 a6 7.
Be2 c5 8. Be3 b6 9. O-O Nc6 10. d5 Na5 11. Rb1 e5 12. Nd2 Bd7 13. a3 Qc7 14. b4 Nb7 15. g4 Kh8 16. Kg2 cxb4 17. axb4 a5 18. Qb3 Rfb8 19. Rfc1 axb4 20. Qxb4 Nc5 21. Ra1 Ra7 22. Rcb1 Rxa1 23. Rxa1 Ng8 24. Nb5 Bxb5 25. cxb5 Qe7 26. Nf3 f5 27. Bxc5 dxc5 28. Qc4 Nf6 29. Nd2 Bh6 30. Nf1 Nxe4 31. Bf3 Nd6 32. Qc2 e4 33. Be2 Bg7 34. Re1 Bd4 35.
f3 Rf8 36. Ng3 Qh4 37. fxe4 f4 38. Nh1 Nf7 39. Rf1 Ng5 40. Qd3 f3+ 41. Rxf3 Rxf3 42. Bxf3 Qxh3# 0-1

[Event "Late-Titled-Tuesday-Blitz-February-13-2024"]
[Site "Chess.com"]
[Date "2024.02.13"]
[Round "7"]
[White "traviscottofficial"]
[Black "VitorBronson"]
[Result "1-0"]
[WhiteElo "2681"]
[BlackElo "2508"]
[TimeControl "180+1"]
[EndTime "15:18:09 PST"]
[Termination "traviscottofficial won by resignation"]

1. a3 d5 2. c4 dxc4 3. Qa4+ Nc6 4. Qxc4 g6 5. e3 e5 6. Nf3 Bg7 7. Nc3 Nge7 8. b4 a6 9. Bb2 Be6 10. Qe2 h6 11. g3 O-O 12. Bg2 Re8 13. O-O Nf5 14. Rfd1 Nfd4 15. exd4 exd4 16. Qf1 dxc3 17. dxc3 Qc8 18. Rd2 Ne5 19. Nxe5 Bxe5 20. Re1 Bg7 21. Red1 c6 22. Qd3 Bb3 23. Rc1 Qe6 24. c4 Rad8 25. Qxd8 Rxd8 26. Rxd8+ Kh7 27. Bxg7 Kxg7 28. c5 Qf6 29. Rd7 Qb2 30. Re1 Qxa3 31. Rxb7 a5 32. b5 Qb4 33. Rc1 Qd2 34. Rb1 Qc2 35. Rxb3 Qxb3 36. bxc6 Qd1+ 37. Bf1 Qc1 38. Rb5 a4 39. c7 a3 40. c8=Q a2 41. Ra5 a1=Q 42. Rxa1 Qxa1 43.
Qd8 Qd4 44. Qd6 1-0

[Event "Late-Titled-Tuesday-Blitz-February-13-2024"]
[Site "Chess.com"]
[Date "2024.02.13"]
[Round "7"]
[White "CFalcons8"]
[Black "Practical-Play"]
[Result "0-1"]
[WhiteElo "2425"]
[BlackElo "2581"]
[TimeControl "180+1"]
[EndTime "15:18:09 PST"]
[Termination "Practical-Play won by resignation"]

1. d4 e6 2. c4 d5 3. Nf3 Nf6 4.
g3 dxc4 5. Bg2 Nc6 6. O-O Rb8 7. e3 b5 8. a4 a6 9. axb5 axb5 10. Nc3 Be7 11.
Nxb5 Rxb5 12. Qa4 Ra5 13. Qxc6+ Bd7 14. Qxd7+ Nxd7 15. Rxa5 O-O 16. Bd2 c5 17. Rc1 cxd4 18.
Nxd4 Qb6 19. Rb5 Qa6 20. Rxc4 e5 21. Bb7 Qa2 22. Nb3 Qb1+ 23. Rc1 Qd3 24. Bc6 Nb8 25.
Rc3 Qb1+ 26. Rc1 Qxb2 27. Bd5 h6 28. Rb7 Bf6 29. Rcc7 Na6 30. Rc6 Qb1+ 31. Kg2 Qd3 32. Rd7 Qf5 33. Rxf7 Rxf7 34. Rxa6 e4 35. Ra8+ Kh7 36.
Bxf7 Qf3+ 37. Kh3 g5 38. Be6 h5 39. Ra7+ Kh6 0-1

[Event "Late-Titled-Tuesday-Blitz-February-13-2024"]
[Site "Chess.com"]
[Date "2024.02.13"]
[Round "7"]
[White "zverr1"]
[Black "jcmesafischer"]
[Result "0-1"]
[WhiteElo "2546"]
[BlackElo "2384"]
[TimeControl "180+1"]
[EndTime "15:18:09 PST"]
[Termination "jcmesafischer won on time"]

1. e4 c5 2. Nf3 d6 3. d4 cxd4 4. Nxd4 Nf6 5. Nc3 a6 6. h3 e5 7. Nde2 Be6 8. g4 h6 9. Bg2 b5 10. Be3 Nbd7 11. O-O Be7 12. Qd2 Qc7 13. a4 b4 14. Nd5 Bxd5 15. exd5 Rb8 16. c3 Nc5 17. cxb4 Nb3 18. Rfc1 Nxc1 19. Rxc1 Qb7 20. b5 axb5 21. a5 b4 22. Rc6 Ra8 23. Bb6 O-O 24. Rc7 Qxc7 25.
Bxc7 Rfc8 26. Bb6 Nd7 27. Qxb4 Rab8 28. Ng3 Bd8 29. Qxd6 Nxb6 30. axb6 Rxb6 31. Qxe5 Bf6 32. Qf5 Rc1+ 33. Kh2 Rxb2 34. Ne4 Bh4 35. Nd6 Rxf2 36.
Qe4 Rc3 37. Qe8+ Kh7 38. Qe4+ g6 39. Nf5 gxf5 40. gxf5 Bg3+ 41. Kg1 Rc1+ 0-1

[Event "Late-Titled-Tuesday-Blitz-February-13-2024"]
[Site "Chess.com"]
[Date "2024.02.13"]
[Round "7"]
[White "ajeale2"]
[Black "NikolaGry"]
[Result "0-1"]
[WhiteElo "2514"]
[BlackElo "2722"]
[TimeControl "180+1"]
[EndTime "15:18:10 PST"]
[Termination "NikolaGry won by checkmate"]

1. d4 d5 2. Bf4 c6 3. e3 Qb6 4. Qc1 Bf5 5. c4 e6 6. Nc3 dxc4 7. Bxc4 Nf6 8. Nf3 Be7 9. O-O O-O 10. h3 h6 11. Bb3 Nbd7 12. Nd2 Rac8 13. e4 Bg6 14. Nc4 Qa6 15. Qe3 c5 16. d5 exd5 17. exd5 Rfe8 18. Rfe1 b5 19. Nd2 c4 20. Bd1 Bc5 21.
Qxe8+ Rxe8 22. Bf3 Rxe1+ 23. Rxe1 b4 24. Nd1 Qxa2 25.
d6 Kh7 26. g4 Qa6 27. Be2 Bd3 28. Bf3 Bxd6 29. Be3 Bc5 30. Bf4 Qb6 31. Bg3 a5 32. h4 g5 33. hxg5 hxg5 34. Bg2 Nxg4 35. Nf3 f6 36. Bh3 Bf5 37. Re8 c3 38. bxc3 b3 39.
Nh2 b2 40. Nxg4 b1=Q 41. Re1 Qc2 42. Kg2 Qc6+ 43. Kg1 Q6e4 44. Nde3 Bxe3 45. Nxe3 Bxh3 46. Nxc2 Qg2# 0-1

[Event "Late-Titled-Tuesday-Blitz-February-13-2024"]
[Site "Chess.com"]
[Date "2024.02.13"]
[Round "7"]
[White "fmcabralis"]
[Black "rcmz"]
[Result "1-0"]
[WhiteElo "2242"]
[BlackElo "2155"]
[TimeControl "180+1"]
[EndTime "15:18:10 PST"]
[Termination "fmcabralis won by checkmate"]

1. e4 a6 2. d4 b5 3. Nc3 Bb7 4. a3 e6 5. Be3 b4 6. axb4 Bxb4 7. Qg4 g6 8. Bc4 Nf6 9. Qf4 Nxe4 10. Ne2 Nd6 11.
Bb3 Nf5 12. Bd2 Bd6 13. Qg4 h5 14. Qh3 Qf6 15. O-O-O Nc6 16. d5 Na5 17. Ne4 Qd8 18.
Nxd6+ cxd6 19. Ba4 Bxd5 20. Qc3 O-O 21. Qxa5 Qxa5 22.
Bxa5 Bxg2 23. Rhg1 Bf3 24. Rde1 Ra7 25. Ng3 Nxg3 26.
Rxg3 Bd5 27. Bc3 Rb7 28. Rg5 Rc8 29. Kd2 Kh7 30. h4 Rc5 31. b3 Bf3 32. Rxc5 dxc5 33.
Re3 Bd5 34. Bf6 c4 35. Kc3 cxb3 36. cxb3 Rc7+ 37. Kb2 Rb7 38. Be5 Ra7 39. Rc3 Rb7 40. Rc8 Ra7 41. Rh8# 1-0

[Event "Late-Titled-Tuesday-Blitz-February-13-2024"]
[Site "Chess.com"]
[Date "2024.02.13"]
[Round "7"]
[White "DeArron_Fox"]
[Black "jcibarra"]
[Result "0-1"]
[WhiteElo "2522"]
[BlackElo "2905"]
[TimeControl "180+1"]
[EndTime "15:18:12 PST"]
[Termination "jcibarra won on time"]

1. d4 Nf6 2. c4 d6 3. Nc3 e5 4. Nf3 e4 5. Nd2 Qe7 6. Nb3 h6 7. g3 c6 8. Bg2 Bf5 9. O-O g6 10. Bf4 g5 11. Bc1 Bg7 12. f3 e3 13. Qe1 Bc2 14. Nd1 Bxd1 15. Qxd1 O-O 16. Qd3 Re8 17. Rb1 Na6 18. a3 d5 19. c5 Nc7 20. Na1 Nd7 21.
Nc2 Rad8 22. Bxe3 b6 23. b4 Nf8 24. Rfe1 bxc5 25. bxc5 Nfe6 26. Bf2 Rb8 27. e4 dxe4 28.
fxe4 Rbd8 29. Qc4 Qd7 30. Rbd1 g4 31. d5 Ng5 32. Nb4 cxd5 33. exd5 Qf5 34. d6 Nce6 35. c6 Nf3+ 36. Bxf3 gxf3 37. c7 Ra8 38. d7 Nxc7 39.
Qxc7 Qh3 0-1

[Event "Late-Titled-Tuesday-Blitz-February-13-2024"]
[Site "Chess.com"]
[Date "2024.02.13"]
[Round "7"]
[White "N_Mullodzhanov"]
[Black "Viktor_Poddubnyi"]
[Result "1-0"]
[WhiteElo "2505"]
[BlackElo "2275"]
[TimeControl "180+1"]
[EndTime "15:18:12 PST"]
[Termination "N_Mullodzhanov won on time"]

1. e4 g6 2. d4 Bg7 3. Nc3 d6 4. Be3 a6 5. Qd2 b5 6. Bd3 Bb7 7. Nf3 Nd7 8. Ne2 Ngf6 9. Ng3 h5 10. h4 c5 11. d5 c4 12. Be2 Nc5 13. Ng5 Qc7 14.
f3 O-O 15. c3 Nh7 16. O-O Nxg5 17. hxg5 e6 18. f4 h4 19. Nh1 Nxe4 20. Qe1 Bxd5 21. Qxh4 Rab8 22. Nf2 Nxf2 23. Kxf2 Rfe8 24. Rh1 e5 25. f5 gxf5 26. Qh7+ Kf8 27. Qxf5 Qc8 28. Qh7 Qe6 29. Rad1 Bc6 30. Rh4 Rbd8 31. Bh5 Bd7 32. Bg4 Qg6 33. Qxg6 fxg6 34. Rxd6 Bxg4 35. Bc5 Rxd6 36.
Bxd6+ Kf7 37. Rxg4 Ke6 38. Bc5 Kf5 39. Kg3 Rd8 40.
Rh4 Rd3+ 41. Kh2 e4 42. Rh7 Be5+ 43. Kg1 Bg3 44. Kf1 Rd2 45. Rf7+ Kxg5 46. Be3+ Kg4 47. Bxd2 1-0

[Event "Late-Titled-Tuesday-Blitz-February-13-2024"]
[Site "Chess.com"]
[Date "2024.02.13"]
[Round "7"]
[White "Mariia89"]
[Black "ErikRonka"]
[Result "0-1"]
[WhiteElo "2261"]
[BlackElo "2575"]
[TimeControl "180+1"]
[EndTime "15:18:14 PST"]
[Termination "ErikRonka won on time"]

1. d4 d5 2. c4 c6 3. e3 Nf6 4. Nc3 e6 5. Nf3 Nbd7 6. Bd3 dxc4 7. Bxc4 b5 8. Bd3 Bb7 9. O-O a6 10. Qe2 c5 11. Rd1 Qb6 12. Bc2 Be7 13. e4 cxd4 14. Nxd4 Ne5 15. h3 Rd8 16. Nf3 Rxd1+ 17. Qxd1 Nxf3+ 18. Qxf3 O-O 19. Be3 Bc5 20. Bg5 Nd7 21. Qg3 Bd6 22.
Qh4 h6 23. Bxh6 gxh6 24. Qxh6 Be5 25. Re1 Bg7 26. Qh5 e5 27. Re3 Qh6 28. Qe2 b4 29. Na4 Rc8 30. Bb3 Kf8 31. Rf3 Nf6 32. Kh2 Bxe4 33.
Rg3 Bg6 34. Qxe5 Kg8 35. Qd6 Rf8 36. Qe7 Qd2 37. Rxg6 Qxf2 38. Rg3 Qf4 0-1

[Event "Late-Titled-Tuesday-Blitz-February-13-2024"]
[Site "Chess.com"]
[Date "2024.02.13"]
[Round "7"]
[White "xakevicius91"]
[Black "martinmena"]
[Result "1-0"]
[WhiteElo "2532"]
[BlackElo "2171"]
[TimeControl "180+1"]
[EndTime "15:18:16 PST"]
[Termination "xakevicius91 won by checkmate"]

1. e4 c6 2. d4 d5 3. e5 Bf5 4. Nd2 e6 5. Nb3 a5 6. a4 Bb4+ 7. c3 Be7 8. Nf3 h5 9. Be2 Nh6 10. O-O Bg6 11. Ne1 Nf5 12. Nd3 Bg5 13. f4 Be7 14. Ne1 b6 15. Nf3 Nd7 16. Bd2 Qc7 17. c4 dxc4 18. Bxc4 Bb4 19. Rc1 Bxd2 20. Qxd2 Qb7 21.
Qe2 O-O 22. Rfd1 Rab8 23. Bd3 Ne7 24. Ng5 Bxd3 25. Qxd3 g6 26. Nd2 c5 27. Nde4 Nf5 28. dxc5 Nxc5 29. Nf6+ Kg7 30. Qe2 Rfd8 31. Qb5 Ne3 32.
Qe2 Nxd1 33. Rxd1 Rxd1+ 34. Qxd1 Qc7 35. Nxh5+ gxh5 36. Qxh5 Rh8 37. Qg4 Kf8 38. Nf3 Qd7 39. h4 Qd1+ 40. Kh2 Ne4 41. f5 exf5 42. Qxf5 Nc5 43.
Ng5 Qd7 44. e6 Nxe6 45. Qf6 Qe7 46. Qxh8# 1-0

[Event "Late-Titled-Tuesday-Blitz-February-13-2024"]
[Site "Chess.com"]
[Date "2024.02.13"]
[Round "7"]
[White "ImportedItalianMaple"]
[Black "Supelyel"]
[Result "0-1"]
[WhiteElo "2502"]
[BlackElo "2397"]
[TimeControl "180+1"]
[EndTime "15:18:17 PST"]
[Termination "Supelyel won on time"]

1. Nf3 Nf6 2. g3 d6 3. d4 Nbd7 4. Bg2 e5 5. O-O Be7 6. c4 O-O 7. Nc3 c6 8. e4 a6 9. b3 b5 10.
cxb5 axb5 11. Re1 Bb7 12. Bb2 Re8 13. Rc1 Qb8 14. a4 b4 15. Nb1 exd4 16. Nxd4 c5 17. Nf5 Bf8 18. Nd2 Ra6 19. Qc2 Qa8 20. f3 g6 21. Ne3 Bh6 22. Rcd1 d5 23. Bf1 Rae6 24. Bb5 dxe4 25. f4 Bc6 26. Bc4 R6e7 27. Ndf1 Bg7 28. Rd2 Nb6 29. Be2 Nfd5 30. Red1 Nc3 31.
Bxc3 bxc3 32. Rd6 Bd4 33. R1xd4 cxd4 34. Rxd4 Nd5 35. Bc4 Rc8 36. Nxd5 Bxd5 37. Qxc3 Bxc4 38. Rxc4 Rxc4 39. Qxc4 e3 40. Qc5 Qe4 41. Qc8+ Kg7 42. Qc3+ f6 43. Qe1 e2 44. Nd2 Qe3+ 45. Kg2 Qxd2 0-1

[Event "Late-Titled-Tuesday-Blitz-February-13-2024"]
[Site "Chess.com"]
[Date "2024.02.13"]
[Round "7"]
[White "wanyaland"]
[Black "NovakRatko"]
[Result "1/2-1/2"]
[WhiteElo "2480"]
[BlackElo "2328"]
[TimeControl "180+1"]
[EndTime "15:18:17 PST"]
[Termination "Game drawn - insufficient material"]

1. d4 d5 2. c4 c5 3. dxc5 d4 4. g3 e5 5. Bg2 Bxc5 6. Nf3 Nc6 7.
O-O e4 8. Ng5 f5 9. a3 a5 10. Nh3 Nf6 11. Qc2 O-O 12. Rd1 Qb6 13.
Nd2 d3 14. exd3 Bxf2+ 15. Nxf2 e3 16. Nf1 Nd4 17. Bxe3 Nxc2 18. Bxb6 Nxa1 19. Rxa1 Re8 20.
Ne3 a4 21. Nd5 Re2 22. Nxf6+ gxf6 23. Bd4 Kg7 24. Bc3 Rb8 25. Nh3 b5 26. Nf4 Rc2 27.
c5 Bb7 28. c6 Ba8 29. Re1 Rc8 30. Re7+ Kh6 31. c7 Bxg2 32. Nxg2 b4 33. axb4 a3 34. bxa3 Rxc3 35. b5 R8xc7 36. Rxc7 Rxc7 37. Nf4 Ra7 38. Nd5 Rxa3 39. b6 Rxd3 40. Nxf6 Rb3 41. Nd7 Kg6 42.
Kf2 Kf7 43. Ke2 Rb2+ 44. Kf3 Ke6 45. Nc5+ Kd5 46. Nd3 Rb3 47. Ke2 Rxb6 48. Ke3 Rb3 49. h4 h5 50. Kd2 Kd4 51. Nf4 Rxg3 52. Ne2+ Ke4 53. Nxg3+ Kf4 54. Nxh5+ Kg4 55. Ng7 Kxh4 56. Nxf5+ 1/2-1/2

[Event "Late-Titled-Tuesday-Blitz-February-13-2024"]
[Site "Chess.com"]
[Date "2024.02.13"]
[Round "7"]
[White "rezamahdavi2008"]
[Black "gahryman"]
[Result "0-1"]
[WhiteElo "2847"]
[BlackElo "2701"]
[TimeControl "180+1"]
[EndTime "15:18:18 PST"]
[Termination "gahryman won on time"]

1. e4 c5 2. Nf3 Nc6 3. d4 cxd4 4.
Nxd4 e5 5. Nb5 d6 6. c4 Be6 7.
Bd3 g6 8. N1c3 a6 9. Na3 Nf6 10. Nd5 Bxd5 11. cxd5 Nd4 12. Nc2 Nxc2+ 13. Qxc2 Bg7 14.
O-O O-O 15. h3 Nd7 16. Be3 Rc8 17. Qb3 b5 18. a4 Nc5 19. Bxc5 Rxc5 20. axb5 axb5 21.
Ra6 f5 22. exf5 gxf5 23. Rc6 e4 24. Bxb5 Kh8 25. Rxc5 dxc5 26. f4 Qf6 27. Ra1 Rb8 28.
Ra2 Qd4+ 29. Kh1 e3 30. Qc4 Qd1+ 31. Kh2 Bd4 32. d6 e2 33. Qxe2 Qg1+ 34. Kg3 Rg8+ 35. Kf3 Qh2 36. Qf1 Rg3+ 37. Ke2 Rxg2+ 38. Kd3 Rf2 39.
Ra8+ Kg7 40. Qd1 Qxh3+ 41. Kc4 Qg2 42. Ra7+ Kf6 0-1